 Dungeon Crawl Stone Soup version 0.17.1-1-g73c8601 (webtiles) character file.

218 PossumBlood the Skirmisher (level 6, -1/51 HPs)
             Began as a Formicid Fighter on Jan 7, 2016.
             Slain by an ogre
             ... wielding a +0 giant spiked club
              (21 damage)
             ... on level 3 of the Dungeon.
             The game lasted 00:07:28 (2820 turns).

PossumBlood the Skirmisher (Formicid Fighter)       Turns: 2820, Time: 00:07:28

Health: -1/51      AC: 10    Str: 23    XL:     6   Next: 17%
Magic:  6/6        EV:  8    Int:  7    God:
Gold:   147        SH:  9    Dex: 10    Spells: 0 memorised, 5 levels left

rFire  . . .     SeeInvis +     a - +0 war axe
rCold  + . .     Clarity  .     p - +2 scale mail {rC+}
rNeg   . . .     SustAt   .     c - +0 shield
rPois  .         Gourm    .     (helmet unavailable)
rElec  .         Spirit   .     (no cloak)
rCorr  .         Warding  .     (no gloves)
rMut   .         Stasis   +     i - +0 pair of boots
MR     .....                    (no amulet)
Stlth  ..........               (no ring)
                                (no ring)

@: not resistant to hostile enchantments, extremely unstealthy
A: permanent stasis, dig shafts and tunnels, four strong arms, antennae 3
a: Dig, Shaft Self


You were on level 3 of the Dungeon.
You were hungry.

You visited 1 branch of the dungeon, and saw 3 of its levels.

You collected 147 gold pieces.

Inventory:

Hand Weapons
 a - a +0 war axe (weapon)
Armour
 b - a +0 scale mail
 c - a +0 shield (worn)
 i - a +0 pair of boots (worn)
 p - a +2 scale mail of cold resistance (worn)
Wands
 o - a wand of frost (24)
 q - a wand of slowing (30)
Scrolls
 g - 6 scrolls of identify {unknown}
 h - 4 scrolls of immolation {unknown}
 j - a scroll of fear {unknown}
 l - a scroll of noise {unknown}
 s - a scroll of magic mapping {unknown}
 t - a scroll of amnesia {unknown}
 u - a scroll of random uselessness {unknown}
 v - 2 scrolls of remove curse {unknown}
 w - a scroll of enchant armour {unknown}
 x - a scroll of fog {unknown}
Potions
 d - a potion of might
 f - 6 potions of curing {unknown}
 k - 2 potions of flight {unknown}
 n - 2 potions of haste {unknown}
 r - a potion of poison {unknown}
Comestibles
 e - a bread ration
 m - a meat ration


   Skills:
 - Level 5.0 Fighting
 + Level 4.5 Axes
 + Level 3.8 Armour
 - Level 3.6 Shields


You had 5 spell levels left.
You didn't know any spells.

Dungeon Overview and Level Annotations

Branches:
Dungeon (3/15)

Altars:
Okawaru
Qazlal
Sif Muna
Trog


Innate Abilities, Weirdness & Mutations

You are under a permanent stasis effect.
You can dig through walls and to a lower floor.
Your four strong arms can wield two-handed weapons with a shield.
You have a pair of large antennae on your head (SInv).


Message History

You block the ogre's attack.
You barely miss the ogre.
The ogre is moderately wounded.
You miss the goblin. You block the goblin's attack.
The ogre hits you with a giant spiked club!!
The goblin hits you but does no damage.
Your scale mail prevents you from hitting the ogre.
The ogre is moderately wounded.
You barely miss the goblin. The goblin barely misses you.
You block the ogre's attack.
You slash the ogre!
The ogre is severely wounded.
You completely miss the goblin. The goblin hits you but does no damage.
The ogre hits you with a giant spiked club!
You hit the ogre.
The ogre is almost dead.
You hit the goblin.
You kill the goblin!
The ogre hits you with a giant spiked club!!
You die...

#.# #...........#
#.........##. #.#
##.########.# #..#########.
#.# #.# #.# #..# #. #.# #.#
#.# #..# #. ..######.#
#.###..#########. .).......#
#..(............. #######..#
##..##..#########.
#..########...).............
#......[..†@#####.##########
#.######...O# #.####### #.#
#.#..# #.......# ## ##.##
#....# #.#####.# #. ##...##
##.#.#####.# #.# #. #.#.#.##
#.#.......# #.# #.
#########.####.###..####
#.###. ...............# #..#
#.##.. ..#.(.###.###### #..#
#.#.##


You could see an ogre.

Vanquished Creatures
  Terence (D:2)
  Robin (D:2)
  8 adders
  7 worms
  5 giant geckos
  An orc (D:3)
  A ball python (D:3)
  4 giant cockroaches
  11 goblins
  8 hobgoblins
  2 quokkas (D:3)
  5 bats
  16 jackals
  3 kobolds (D:3)
  11 rats
84 creatures vanquished.

Notes
Turn   | Place    | Note
--------------------------------------------------------------
     0 | D:1      | PossumBlood the Formicid Fighter began the quest for the Orb.
     0 | D:1      | Reached XP level 1. HP: 18/18 MP: 1/1
   175 | D:1      | Reached XP level 2. HP: 24/24 MP: 2/2
   558 | D:2      | Reached XP level 3. HP: 20/30 MP: 3/3
   720 | D:2      | Found a deep blue altar of Sif Muna.
   734 | D:2      | Reached skill level 4 in Fighting
   960 | D:2      | Reached XP level 4. HP: 18/37 MP: 4/4
  1407 | D:2      | Noticed Terence
  1415 | D:2      | Killed Terence
  1415 | D:2      | Reached XP level 5. HP: 14/43 MP: 5/5
  1694 | D:2      | Found a stormy altar of Qazlal.
  1746 | D:2      | Noticed Robin
  1759 | D:2      | Killed Robin
  1802 | D:2      | Reached skill level 5 in Fighting
  2216 | D:3      | Reached XP level 6. HP: 51/51 MP: 6/6
  2395 | D:3      | Found an iron altar of Okawaru.
  2604 | D:3      | Found a bloodstained altar of Trog.
  2812 | D:3      | Noticed an ogre
  2820 | D:3      | Slain by an ogre

Action                   |  1- 3 |  4- 6 || total
-------------------------+-------+-------++-------
Melee: War axe           |    81 |   188 ||   269
  Eat: Bread ration      |       |     1 ||     1
       Fruit             |       |     2 ||     2
